AoeStats
← Dani120588

Arena

510445850Analyzed
4v4 RM · 9h ago on Oct 1, 2026· 44m 51s· 8 players
Game mode
Random Map
Map size
Large (8 player)
Population
200
Speed
Normal
Resources
Standard
Victory
Conquest
Starting age
Dark Age
Ending age
Imperial Age
RankedLock teamsTeams togetherTeam positionsShared explorationLock speedFull tech treeHidden civsTurbo modeCheats
Victory
Defeat
🇲🇽 Burmese · Mexico
955
+14
🇺🇸 Britons · United States
919
+16
🇺🇸 Japanese · United States
868
+18
🇺🇸 Shu · United States
856
+18
🇨🇴 Burgundians · Colombia
1129
-24
🇳🇮 Italians · Nicaragua
1021
-21
🇨🇷 Japanese · Costa Rica
766
-11
🇨🇷 Franks · Costa Rica
744
-10
Cypress Fever
0:27 Loom
13:27 Feudal Age
15:17 Wheelbarrow
14:32 Horse Collar
14:44 Double-Bit Axe
23:43 Castle Age
21:47 Stone Mining
22:02 Gold Mining
31:41 Crossbowman
33:25 Thumb Ring
33:43 Pikeman
xxyvonnederful
10:45 Feudal Age
14:28 Castle Age
12:42 Double-Bit Axe
12:49 Horse Collar
14:11 Stone Mining
15:44 Wheelbarrow
17:18 Bow Saw
21:05 Gold Mining
22:53 Fletching
23:04 Padded Archer Armor
24:16 Hand Cart
24:40 Bodkin Arrow
26:14 Ballistics
29:52 Imperial Age
27:08 Loom
27:09 Town Watch
27:48 Heavy Plow
28:54 Yeomen
29:36 Fortified Wall
30:52 Gold Shaft Mining
32:05 Chemistry
31:08 Bracer
31:24 Leather Archer Armor
31:59 Conscription
31:25 Elite Longbowman
40:17 Masonry
43:08 Hoardings
BP Charly
12:01 Feudal Age
15:32 Castle Age
17:20 Loom
17:21 Horse Collar
25:40 Heavy Plow
29:49 Imperial Age
27:17 Gold Mining
29:05 Forging
29:00 Scale Barding Armor
29:25 Husbandry
29:37 Bloodlines
28:50 Light Cavalry
30:37 Gold Shaft Mining
30:41 Iron Casting
30:26 Chain Barding Armor
30:47 Wheelbarrow
31:06 Elite Battle Elephant
31:52 Howdah
32:46 Crop Rotation
33:29 Blast Furnace
33:27 Plate Barding Armor
35:58 Chemistry
Anchor of Light
9:16 Feudal Age
16:40 Castle Age
16:11 Double-Bit Axe
16:25 Loom
21:32 Wheelbarrow
21:09 Bow Saw
20:42 Horse Collar
24:00 Treadmill Crane
24:33 Scale Mail Armor
24:45 Forging
24:54 Fletching
25:15 Forging
26:11 Chain Mail Armor
27:20 Squires
27:31 Bodkin Arrow
29:34 Murder Holes
30:15 Fervor
30:40 Hand Cart
30:53 Town Watch
31:12 Gold Mining
31:12 Stone Mining
31:36 Heavy Plow
31:51 Padded Archer Armor
33:20 Leather Archer Armor
34:47 Town Patrol
40:44 Imperial Age
37:53 Elite Skirmisher
39:36 Iron Casting
38:50 Arson
39:57 Thumb Ring
40:17 Ballistics
41:50 Conscription
41:51 Kataparuto
40:52 Elite Samurai
41:59 Capped Ram
43:36 Hoardings
43:38 Masonry
43:33 Siege Engineers
43:40 Masonry
43:36 Siege Engineers
45:20 Bracer
Dani120588
8:41 Loom
11:18 Feudal Age
18:50 Castle Age
16:44 Stone Mining
17:53 Double-Bit Axe
18:00 Gold Mining
32:01 Imperial Age
30:18 Forging
31:00 Bow Saw
32:28 Cavalier
33:11 Husbandry
33:17 Scale Barding Armor
33:48 Iron Casting
33:04 Fletching
34:56 Chain Barding Armor
37:12 Paladin
39:11 Scale Mail Armor
39:47 Plate Barding Armor
40:13 Blast Furnace
39:09 Bodkin Arrow
38:43 Pikeman
39:09 Gambesons
39:25 Squires
39:10 Arson
40:36 Wheelbarrow
Tito_kratos003
3:37 Loom
10:55 Feudal Age
11:38 Double-Bit Axe
17:17 Castle Age
16:31 Horse Collar
17:07 Padded Archer Armor
16:57 Fletching
19:34 Bow Saw
21:30 Crossbowman
22:37 Gold Mining
32:41 Imperial Age
31:35 Thumb Ring
32:00 Ballistics
32:02 Elite Skirmisher
33:01 Leather Archer Armor
32:41 Bodkin Arrow
34:37 Chemistry
34:09 Husbandry
35:38 Stone Mining
37:05 Wheelbarrow
37:48 Elite Genoese Crossbowman
39:41 Two-Man Saw
38:51 Heavy Plow
43:55 Ring Archer Armor
43:25 Bracer
43:58 Cavalier
44:52 Bloodlines
[CCMNG]JhonStrong
12:10 Feudal Age
11:07 Double-Bit Axe
16:15 Castle Age
14:53 Bow Saw
14:30 Horse Collar
20:58 Two-Man Saw
23:16 Wheelbarrow
26:27 Gold Mining
26:35 Stone Mining
26:50 Heavy Plow
29:50 Imperial Age
27:40 Hand Cart
27:10 Loom
27:11 Town Watch
28:07 Crop Rotation
29:31 Fortified Wall
29:32 Masonry
31:03 Husbandry
31:10 Padded Archer Armor
31:00 Fletching
31:52 Scale Barding Armor
32:57 Conscription
32:57 Elite Skirmisher
34:37 Chain Barding Armor
34:30 Forging
35:14 Flemish Revolution
36:20 Burgundian Vineyards
38:34 Scale Mail Armor
39:10 Iron Casting
Kakashi
6:10 Loom
12:47 Feudal Age
14:25 Town Watch
18:46 Castle Age
17:10 Double-Bit Axe
17:07 Horse Collar
19:26 Gold Mining
19:29 Stone Mining
19:52 Bow Saw
19:44 Heavy Plow
19:35 Pikeman
24:17 Gold Shaft Mining
23:51 Fletching
24:02 Padded Archer Armor
24:29 Elite Skirmisher
26:35 Wheelbarrow
27:17 Thumb Ring
32:26 Imperial Age
31:23 Leather Archer Armor
31:04 Bodkin Arrow
31:14 Arson
34:52 Bracer
36:50 Ballistics
Connection lost

Rejoining the realm…

Still unreachable

The connection could not be restored.

Session expired

The server has moved on; the page needs a fresh start.